 Dungeon Sprint DCSS version 0.30.1-11-g7821555f0a (webtiles) character file.

Game seed: 1218537439617004848

1507 Groucho the Unseen (level 8, -3/43 HPs)
             Began as a Spriggan Enchanter on Jan 5, 2024.
             Was an Initiate of Dithmenos.
             Slain by a hell hog (15 damage)
             ... in the Dungeon (Sprint II: "The Violet Keep of Menkaure").
             The game lasted 00:05:37 (268 turns).

Groucho the Unseen (Spriggan Enchanter)              Turns: 268, Time: 00:05:37

Health: -3/43      AC:  4    Str:  4    XL:     8   Next: 53%
Magic:  13/19      EV: 20    Int: 18    God:    Dithmenos [......]
Gold:   128        SH:  0    Dex: 19    Spells: 10/21 levels left

rFire   + . .        j - +10 dagger "Guoposo" {vamp, rElec Dex+3 Stlth+}
rCold   . . .        (no shield)
rNeg    . . .        a - +2 robe {rF+}
rPois   .            (helmet restricted)
rElec   +            (no cloak)
rCorr   .            (gloves unavailable)
SInv    +            (boots unavailable)
Will    +....        (no amulet)
Stlth   +++++++      f - ring of flight
HPRegen 0.27/turn    (no ring)
MPRegen 0.16/turn

%: no teleportation
@: flying, very quick
A: very small, no large weapons, unfitting armour, see invisible, speed 3
a: Renounce Religion


You were in the Dungeon.
You worshipped Dithmenos.
Dithmenos was noncommittal.
You visited 1 branch You collected 972 gold pieces.
You spent 844 gold pieces at shops.

Inventory:

Hand Weapons
 j - the +10 dagger "Guoposo" (weapon) {vamp, rElec Dex+3 Stlth+}
   (You bought it in a shop in the Dungeon)

   Dex:       It affects your dexterity (+3).
   rElec:     It insulates you from electricity.
   Stlth:     It makes you more stealthy.
Armour
 a - a +2 robe of fire resistance (worn)
Jewellery
 f - a ring of flight (left hand)
Scrolls
 i - a scroll of blinking
Potions
 c - a potion of invisibility
 g - 2 potions of magic
 h - a potion of berserk rage


   Skills:
 - Level 5.0 Fighting
 - Level 10.0 Short Blades
 - Level 5.0 Dodging
 - Level 15.0 Stealth
 - Level 7.0 Spellcasting
 * Level 3.6 Conjurations
 + Level 10.9 Hexes
 * Level 4.2 Earth Magic


You had 10 spell levels left.
You knew the following spells:

 Your Spells              Type           Power      Damage    Failure   Level
a - Ensorcelled Hibernat  Hex/Ice        50%        N/A       1%          2
b - Confusing Touch       Hex            45%        N/A       1%          3
c - Dazzling Flash        Conj/Hex       64%        N/A       1%          3
d - Stone Arrow           Conj/Erth      40%        3d9       6%          3

Your spell library contained the following spells:

 Spells                   Type           Power      Damage    Failure   Level
 Tukima's Dance           Hex            45%        N/A       1%          3
 Animate Armour           Summ/Erth      26%        N/A       41%         4
 Lehudib's Crystal Spear  Conj/Erth      10%        10d4      100%        8


Dungeon Overview and Level Annotations

Branches:
Dungeon (1/1)

Altars:
Cheibriados
Dithmenos
Elyvilon
Fedhas
Gozag
Hepliaklqana
Kikubaaqudgha
Makhleb
Nemelex Xobeh
Okawaru
Qazlal
Ru
Sif Muna
Trog
Uskayaw
Vehumet
Wu Jian
Xom
Yredelemnul
Zin
The Shining One
Jiyva
Lugonu

Shops:
D :[*=?=!:!=[([(?

Annotations:
D exclusion: oklob plant


Innate Abilities, Weirdness & Mutations

You are very small and have problems with some larger weapons.
You are too small for most types of armour.
You have supernaturally acute eyesight. (SInv)
You cover ground extremely quickly. (Speed+++)


Message History

You have reached level 8!
Unknown command.
Unknown command.
The hell hog squeals angrily.
You see here a hell hog corpse.
Casting: Confusing Touch (safe; 1% risk of failure)
Confirm with . or Enter, or press ? or * to list all spells.
Aiming: Ensorcelled Hibernation (safe; 1% risk of failure)
Press: ? - help, Shift-Dir - straight line, f - hell hog
Aim: a hell hog (chance to affect: 38%)
The hell hog resists with some effort.
The hell hog bites you! The hell hog bites you.
Unknown command.
Casting: Ensorcelled Hibernation (safe; 1% risk of failure)
Confirm with . or Enter, or press ? or * to list all spells.
Aiming: Ensorcelled Hibernation (safe; 1% risk of failure)
Press: ? - help, Shift-Dir - straight line, f/p - hell hog
Aim: a hell hog (chance to affect: 38%)
Okay, then.
You feel much better. The hell hog breathes fire at you.
The fireball explodes!
The fireball engulfs you! You resist.
The fireball engulfs the hell hog.
The hell hog completely resists.
Casting: Ensorcelled Hibernation (safe; 1% risk of failure)
Confirm with . or Enter, or press ? or * to list all spells.
Aiming: Ensorcelled Hibernation (safe; 1% risk of failure)
Press: ? - help, Shift-Dir - straight line, f/p - hell hog
Aim: a hell hog (catching its breath, chance to affect: 38%)
The hell hog resists with some effort.
The hell hog bites you! The hell hog completely misses you.
Casting: Ensorcelled Hibernation (safe; 1% risk of failure)
Confirm with . or Enter, or press ? or * to list all spells.
Aiming: Ensorcelled Hibernation (safe; 1% risk of failure)
Press: ? - help, Shift-Dir - straight line, f/p - hell hog
Aim: a hell hog (chance to affect: 38%)
The hell hog resists with some effort.
The hell hog bites you!
* * * LOW HITPOINT WARNING * * *
Unknown command.
You feel better. The hell hog bites you!
You die...

# ..° ## ..z ~#+++#+++## ..
~.........# .. ~~.##+##.. #.
~~##...##.#### +.### ~~#†.#..#
...# ...# ####.#.####..#####^.#
$=( #†###†###.##..#$@'..#
▓[$?!$ .†###.##...#..#h)#..#
▓!())?= ##.'.<.'.#.'..####..###
▓!()):!
.†###.##.).#....###^..##▓▓▓▓▓▓▓
#†###'###.##.§....~~~~~~~~~~~~~
####†.# ###~~.....~#+########+#
~~#.†## #~~~~§~~..~#_._._...#~~
#~##. #~~~~~~~~§§#._._._._#~~
~~## #~~~≈§≈~~§~§#_._._._.#§§


You could see a hell hog.

Vanquished Creatures
  A hell hog (D)
  A merfolk siren (D)
  Menkaure (D)
  4 scorpions (D)
  4 necrophages (D)
  2 worms (D)
13 creatures vanquished.

Vanquished Creatures (others)
  A water moccasin (D)
1 creature vanquished.

Grand Total: 14 creatures vanquished

Notes
Turn   | Place    | Note
-------+----------+-------------------------------------------
     0 | D        | Groucho the Spriggan Enchanter began the quest for the Orb.
     0 | D        | Reached XP level 1. HP: 9/9 MP: 5/5
     3 | D        | Noticed a necrophage
     3 | D        | Noticed a necrophage
     3 | D        | Noticed a necrophage
     3 | D        | Noticed a necrophage
     9 | D        | Killed a necrophage
    10 | D        | Reached skill level 6 in Stealth
    10 | D        | Reached skill level 5 in Hexes
    10 | D        | Reached XP level 2. HP: 15/15 MP: 5/8
    10 | D        | Reached XP level 3. HP: 18/18 MP: 6/10
    13 | D        | Noticed a flying skull
    14 | D        | Killed a necrophage
    15 | D        | Reached skill level 5 in Dodging
    15 | D        | Reached skill level 8 in Stealth
    15 | D        | Reached skill level 5 in Spellcasting
    15 | D        | Reached XP level 4. HP: 21/24 MP: 7/12
    15 | D        | Noticed a flying skull
    16 | D        | Noticed a flying skull
    16 | D        | Noticed a flying skull
    17 | D        | Noticed a flying skull
    19 | D        | Killed a necrophage
    20 | D        | Reached skill level 5 in Short Blades
    20 | D        | Reached skill level 10 in Stealth
    20 | D        | Reached XP level 5. HP: 21/30 MP: 7/13
    22 | D        | Reached skill level 5 in Fighting
    22 | D        | Reached skill level 12 in Stealth
    30 | D        | Noticed a merfolk siren
    33 | D        | Killed a merfolk siren
    34 | D        | Reached skill level 15 in Stealth
    34 | D        | Reached XP level 6. HP: 26/35 MP: 9/17
    34 | D        | Reached XP level 7. HP: 30/39 MP: 9/18
    44 | D        | Learned a level 2 spell: Ensorcelled Hibernation
    48 | D        | Learned a level 3 spell: Confusing Touch
    52 | D        | Learned a level 3 spell: Dazzling Flash
    77 | D        | Found Vyadu Xotz's Book Boutique.
    77 | D        | Found Hiritsy's Distillery.
    77 | D        | Found Hupnetar's Jewellery Shop.
    77 | D        | Found Kudaczearph's Antique Armour Shop.
    77 | D        | Found Puschupi's Jewellery Boutique.
    78 | D        | Found Diuzas's Magic Scroll Shop.
    78 | D        | Found Onompeas's Weapon Boutique.
    78 | D        | Found Neahopn's Antique Armour Shop.
    78 | D        | Found Roukhon's Magic Scroll Shop.
    78 | D        | Found Zefogaf's Jewellery Boutique.
    79 | D        | Found Gusyuceri's Antique Weapon Boutique.
    79 | D        | Found Geaps's Distillery.
    79 | D        | Found Umoenoss's General Store.
    79 | D        | Found Hifrag's Antique Armour Boutique.
    79 | D        | Noticed Menkaure
    79 | D        | Noticed a wyvern
    79 | D        | Noticed a wyvern
   103 | D        | Killed Menkaure
   106 | D        | Noticed an oklob plant
   107 | D        | Found Olu Osidd's Book Shoppe.
   109 | D        | Noticed a wyvern
   116 | D        | Noticed a cane toad
   121 | D        | Noticed a cane toad
   173 | D        | Bought a book of Armaments for 396 gold pieces
   176 | D        | Bought a ring of flight for 175 gold pieces
   181 | D        | Bought a crude dagger for 196 gold pieces
   181 | D        | Identified the +10 dagger "Guoposo" {vamp, rElec Dex+3
                  | Stlth+} (You bought it in a shop in the Dungeon)
   193 | D        | Bought a runed robe for 77 gold pieces
   229 | D        | Found an iron altar of Okawaru.
   229 | D        | Found an opulent altar of Gozag.
   230 | D        | Found a sparkling altar of Nemelex Xobeh.
   230 | D        | Found a blossoming altar of Fedhas.
   231 | D        | Found a radiant altar of Vehumet.
   231 | D        | Found a burning altar of Makhleb.
   231 | D        | Found a white marble altar of Elyvilon.
   232 | D        | Found a hide-covered altar of Uskayaw.
   232 | D        | Found a corrupted altar of Lugonu.
   232 | D        | Found a shadowy altar of Dithmenos.
   233 | D        | Found a glowing silver altar of Zin.
   233 | D        | Found a bloodstained altar of Trog.
   233 | D        | Found an ancient bone altar of Kikubaaqudgha.
   234 | D        | Found a basalt altar of Yredelemnul.
   234 | D        | Found a shimmering blue altar of Sif Muna.
   234 | D        | Found a viscous altar of Jiyva.
   235 | D        | Found a shimmering altar of Xom.
   235 | D        | Found a sacrificial altar of Ru.
   237 | D        | Found a glowing golden altar of the Shining One.
   237 | D        | Found an ornate altar of the Wu Jian Council.
   237 | D        | Found a stormy altar of Qazlal.
   237 | D        | Found a snail-covered altar of Cheibriados.
   237 | D        | Found a hazy altar of Hepliaklqana.
   244 | D        | Became a worshipper of Dithmenos the Shadowed
   260 | D        | Learned a level 3 spell: Stone Arrow
   260 | D        | Noticed a hell hog
   261 | D        | Noticed a hell hog
   262 | D        | Killed a hell hog
   263 | D        | Reached skill level 10 in Short Blades
   263 | D        | Reached skill level 10 in Hexes
   263 | D        | Reached XP level 8. HP: 43/43 MP: 19/19
   267 | D        | HP: 1/43 [hell hog (16)]
   268 | D        | Slain by a hell hog

Illustrated notes

Levels and vault maps discovered:
D:        the_violet_keep_of_menkaure [sprint2_stairs_cluster_1,
          sprint2_shoproom, sprint2_temple, sprint2_basic_supplies,
          sprint2_obstacle_6, sprint2_obstacle_2, sprint2_obstacle_1,
          sprint2_obstacle_5, sprint2_obstacle_7, sprint2_timed_cluster_1,
          sprint2_smallroom_cluster_1, sprint2_smallroom_final_cluster_1,
          sprint2_transparent_cluster_1, sprint2_second_timed_cluster_1,
          sprint2_sniper_area_1, sprint2_heavy_combat_area_1,
          sprint2_mutation_trap_area_1, sprint2_forest_area_1,
          sprint2_light_combat_area_1, sprint2_behind_water_1,
          sprint2_near_end_vault_1]

Skill      XL: |  1  2  3  4  5  6  7 |
---------------+----------------------+-----
Fighting       | 2 3 4 5 |  5.0
Short Blades   | 3 4 5 7 10 | 10.0
Dodging        | 4 5 |  5.0
Stealth        | 6 8 10 15 | 15.0
Spellcasting   | 4 5 7 |  7.0
Hexes          | 5 7 10 | 10.9
Conjurations   | 3 |  3.6
Earth Magic    | 4 |  4.2

Action                     |  1- 3 |  4- 6 |  7- 9 || total
---------------------------+-------+-------+-------++-------
  Melee: Dagger            |     9 |     4 |    17 ||    30
         Punch             |       |       |     1 ||     1
   Cast: Ensorcelled Hiber |       |       |     4 ||     4
         Confusing Touch   |       |       |     1 ||     1
    Use: Potion            |     2 |       |     2 ||     4
   Stab: Invisible         |     3 |     1 |       ||     4
         Sleeping          |     1 |     2 |     7 ||    10
         Confused          |       |       |     1 ||     1
  Dodge: Dodged            |     6 |       |     2 ||     8
